 Dungeon Crawl Stone Soup version 0.32-a0-433-g08bcfe7efd (webtiles) character file.

Game seed: 17402220321825634642

334 PriceMaster the Magician (level 6, -19/29 HPs)
             Began as a Spriggan Conjurer on Feb 23, 2024.
             Was an Initiate of Yredelemnul.
             Killed by an exploding Fractals's ghost (23 damage)
             ... ignited by their inner flame
             ... on level 3 of the Dungeon.
             The game lasted 00:06:24 (3628 turns).

PriceMaster the Magician (Spriggan Conjurer)        Turns: 3628, Time: 00:06:25

Health: -19/29     AC:  3    Str:  3    XL:     6   Next: 27%
Magic:  8/14       EV: 18    Int: 21    God:    Yredelemnul [......]
Gold:   102        SH:  0    Dex: 14    Spells: 11/14 levels left

rFire   + . .        l - +2 dagger (venom)
rCold   . . .        (no shield)
rNeg    . . .        a - +0 robe
rPois   .            (helmet restricted)
rElec   .            h - +0 cloak
rCorr   .            (gloves unavailable)
SInv    +            (boots unavailable)
Will    +....        p - amulet of regeneration
Stlth   +++          q - ring of protection from fire
HPRegen 1.04/turn    (no ring)
MPRegen 0.14/turn

%: no passive effects
@: wreathed by umbra, very quick
A: very small, no large weapons, unfitting armour, see invisible, speed 3
a: Renounce Religion, Light the Black Torch, Recall Undead Harvest


You were on level 3 of the Dungeon.
You worshipped Yredelemnul.
Yredelemnul was noncommittal.
You visited 1 branch of the dungeon, and saw 3 of its levels.

You collected 192 gold pieces.
You spent 90 gold pieces at shops.

Inventory:

Hand Weapons
 g - a +0 dagger
 j - a +0 mace of protection
 l - a +2 dagger of venom (weapon)
Armour
 a - a +0 robe (worn)
 h - a +0 cloak (worn)
Magical Staves
 k - a staff of alchemy
Jewellery
 p - an amulet of regeneration (around neck)
 q - a ring of protection from fire (left hand)
Scrolls
 c - a scroll of teleportation
 m - a scroll of vulnerability {unknown}
 n - a scroll of revelation {unknown}
Potions
 b - a potion of magic


   Skills:
 + Level 0.4 Fighting
 + Level 2.1 Short Blades
 + Level 0.3 Maces & Flails
 + Level 3.8 Dodging
 + Level 3.9 Stealth
 + Level 4.8 Spellcasting
 + Level 4.2 Conjurations


You had 11 spell levels left.
You knew the following spells:

 Your Spells              Type           Power      Damage    Failure   Level
a - Magic Dart            Conj           88%        1d7       1%          1
b - Searing Ray           Conj           44%        2d6       3%          2

Your spell library contained the following spells:

 Spells                   Type           Power      Damage    Failure   Level
 Scorch                   Fire           10%        2d5       17%         2
 Flame Wave               Conj/Fire      13%        2d6       43%         4
 Fulminant Prism          Conj/Alch      6%         3d7       43%         4
 Iskenderun's Mystic Bla  Conj/Tloc      13%        2d5       43%         4
 Summon Cactus Giant      Summ           2%         N/A       100%        6


Dungeon Overview and Level Annotations

Branches:
Dungeon (3/15)

Altars:
Yredelemnul

Shops:
D:1 ?   D:3 ([?:*

Annotations:
D:3 1 transporter


Innate Abilities, Weirdness & Mutations

You are very small and have problems with some larger weapons.
You are too small for most types of armour.
You have supernaturally acute eyesight. (SInv)
You cover ground extremely quickly. (Speed+++)


Message History

Aiming: Searing Ray (safe; 3% risk of failure)
Press: ? - help, Shift-Dir - straight line, f - bat
Aim: a bat (inner flame, 66% to hit)
The searing ray hits the bat!
Their soul becomes fuel for the torch. (Press . to maintain the ray.)
The bat explodes!
Okay, then.
Blink to where?
Press: ? - help, Dir - move target
As you read the scroll of blinking, it crumbles to dust.
Casting: Searing Ray (safe; 3% risk of failure)
Confirm with . or Enter, or press ? or * to list all spells.
Aiming: Searing Ray (safe; 3% risk of failure)
Press: ? - help, Shift-Dir - straight line, f - endoplasm
Aim: an endoplasm (inner flame, umbra, 98% to hit)
The searing ray hits the endoplasm.
Their soul becomes fuel for the torch.
The searing ray hits the rat.
Their soul becomes fuel for the torch. (Press . to maintain the ray.)
The rat explodes!
A black mist starts to gather...
The endoplasm explodes!
The fiery explosion engulfs Fractals's ghost!!
Flame seeps out of Fractals's ghost.
Fractals's ghost is heavily damaged.
Fractals's ghost is engulfed in blazing flames.
Flame seeps out of Fractals's ghost.
The searing ray hits Fractals's ghost.
Flame seeps out of Fractals's ghost.
Fractals's ghost is severely damaged.
Fractals's ghost is engulfed in blazing flames.
Flame seeps out of Fractals's ghost.
Fractals's ghost hits you.
* * * LOW HITPOINT WARNING * * *
The searing ray hits Fractals's ghost.
Fractals's ghost explodes!
The fiery explosion engulfs you!! You resist.
Ouch! That really hurt!
You die...
Your body rises from the dead as a mindless zombie.

.####∩#....................####.#
#####'#######...............###.#
##...........)..#########.......#
##......Z.....)##.....rb##..##..#
#.............#ß.##.##.ß#...#.Z.
##.............#..##.##..#...###)
.#.............#..§.§§.§$#...###.
.#............Z#§§§§©.§§=#©......
.#............Z#@§§§Z.§.$#.......
.####..........#.§##D##§.#.......
.# ########...#ß.##.##.ß#..#####
.# #...##.......##..# .#
#....#########...##### .#######
##.............).##... .##....#
##............)###...
.##....########.##########)####..
.................# #.##.#.Z


You could see a steam dragon (inner flame, ally target), a friendly spectral
endoplasm, a friendly orc priest zombie and a friendly orc wizard zombie.

Vanquished Creatures
  The ghost of Fractals the Trooper, an amateur MDBe of Trog (D:3)
  A scorpion (D:3)
  3 orc priests (D:3)
  An orc wizard (D:3)
  4 gnolls (D:3)
  3 adders (D:3)
  2 ribbon worms (D:2)
  A dart slug (D:1)
  9 orcs (D:3)
  7 bats
  10 endoplasms
  4 giant cockroaches
  6 goblins
  5 hobgoblins
  A quokka (D:2)
  2 ball pythons
  2 frilled lizards (D:3)
  6 kobolds
  5 rats
73 creatures vanquished.

Vanquished Creatures (collateral kills)
  An orc (D:3)
  A jackal (D:3)
  A quokka (D:3)
  A ball python (D:3)
4 creatures vanquished.

Vanquished Creatures (others)
  2 adder zombies (D:3)
  2 gnoll zombies (D:3)
  A kobold zombie (D:3)
  4 orc zombies (D:3)
  A rat (D:3)
  A rat zombie (D:3)
11 creatures vanquished.

Grand Total: 88 creatures vanquished

Notes
Turn   | Place    | Note
-------+----------+-------------------------------------------
     0 | D:1      | PriceMaster the Spriggan Conjurer began the quest for the
                  | Orb.
     0 | D:1      | Reached XP level 1. HP: 9/9 MP: 5/5
   278 | D:1      | Reached XP level 2. HP: 13/13 MP: 4/6
   721 | D:1      | Found Suer's Magic Scroll Boutique.
   737 | D:1      | Bought a scroll of identify for 24 gold pieces
  1048 | D:2      | Learned a level 2 spell: Searing Ray
  1107 | D:2      | Reached XP level 3. HP: 16/16 MP: 6/8
  1484 | D:2      | Found a basalt altar of Yredelemnul.
  1871 | D:2      | Became a worshipper of Yredelemnul the Fallen
  2078 | D:3      | Found a transporter.
  2135 | D:3      | Found a transporter.
  2135 | D:3      | Noticed Fractals's ghost (amateur MDBe)
  2136 | D:3      | Noticed a steam dragon
  2149 | D:3      | Found Vemoaw's Book Boutique.
  2167 | D:3      | Reached skill level 1 in Short Blades
  2167 | D:3      | Reached XP level 4. HP: 15/21 MP: 2/10
  2521 | D:3      | Found Deebruiz's Weapon Shoppe.
  2549 | D:3      | Reached XP level 5. HP: 24/24 MP: 6/11
  2697 | D:3      | Found Ysasa's Magic Scroll Emporium.
  2700 | D:3      | Bought a scroll of identify for 22 gold pieces
  2700 | D:3      | Bought a scroll of identify for 22 gold pieces
  2700 | D:3      | Bought a scroll of identify for 22 gold pieces
  2703 | D:3      | Found Cecudog's Antique Armour Boutique.
  2782 | D:3      | Found Raygido's Assorted Antiques.
  3213 | D:3      | Reached XP level 6. HP: 29/29 MP: 6/13
  3628 | D:3      | Killed Fractals's ghost
  3628 | D:3      | Killed by an exploding Fractals's ghost... ignited by their
                  | inner flame

Illustrated notes

Levels and vault maps discovered:
D:1:      dpeg_arrival_lava_temple_mockup, layout_loops_ring, serial_shops, shop
D:2:      layout_basic, basic_altar
D:3:      minmay_chambers_of_twos, layout_basic, gammafunk_ghost_arena,
          serial_shops, shop, shop, nicolae_shop_hallway_stairs, shop,
          nicolae_shop_tiny_real_fake_doors

Skill      XL: |  1  2  3  4  5  6 |
---------------+-------------------+-----
Conjurations   | 3 4 |  4.2
Spellcasting   | 3 4 |  4.8
Dodging        | 3 |  3.8
Short Blades   | 1 2 |  2.1
Fighting       | |  0.4
Maces & Flails | |  0.3
Stealth        | |  3.9

Action                     |  1- 3 |  4- 6 || total
---------------------------+-------+-------++-------
  Melee: Dagger            |    39 |    17 ||    56
         Mace              |     4 |       ||     4
   Cast: Magic Dart        |    72 |    22 ||    94
         Searing Ray       |     3 |    14 ||    17
 Invoke: Light the Black T |       |     1 ||     1
    Use: Scroll            |     1 |     5 ||     6
         Potion            |       |     3 ||     3
   Stab: Sleeping          |       |     1 ||     1
 Armour: Robe              |    12 |     9 ||    21
  Dodge: Dodged            |    34 |    26 ||    60

Table legend: (Time is in decaauts)
 A = Elapsed time spent in this place.
 B = Non-inter-level travel time spent in this place.
 C = Inter-level travel time spent in this place.
 D = Time resting spent in this place.
 E = Time spent auto-exploring this place.
 F = Levels seen in this place.
 G = Mean time per level.
                   A        B        C        D        E       F      G
               +--------+--------+--------+--------+--------+-----+--------+
         Total |   2822 |   2749 |     73 |    422 |   1889 |   3 |  940.7 |
       Dungeon |   2822 |   2749 |     73 |    422 |   1889 |   3 |  940.7 |
               +--------+--------+--------+--------+--------+-----+--------+

Top non-repeatable levels by time:
     D:3: 1287 daAuts
     D:1: 781 daAuts
     D:2: 752 daAuts
